 Dungeon Crawl Stone Soup version 0.16.1-2-g95b8d4c (webtiles) character file.

666 Ladykiller69 the Shield-Bearer (level 7, -4/55 HPs)
             Began as a Formicid Fighter on Mar 24, 2015.
             Slain by an orc warrior
             ... wielding a +0 mace
              (11 damage)
             ... on level 9 of the Dungeon.
             The game lasted 00:16:13 (2701 turns).

Ladykiller69 the Shield-Bearer (Formicid Fighter)   Turns: 2701, Time: 00:16:13

Health: -4/55      AC:  9    Str: 24 (27) XL:     7   Next: 88%
Magic:  9/9        EV:  9    Int:  8      God:
Gold:   217        SH:  0    Dex: 10      Spells: 0 memorised, 6 levels left

rFire  . . .     SeeInvis +     a - +0 trident
rCold  . . .     Clarity  .     b - +0 scale mail
rNeg   . . .     SustAb   .     c - +0 shield
rPois  .         Gourm    .     (helmet unavailable)
rElec  .         Spirit   .     (no cloak)
rCorr  .         Warding  .     q - +0 pair of gloves
rMut   .         Stasis   +     j - +0 pair of boots (curse)
MR     .....                    (no amulet)
Stlth  ..........               (no ring)
                                (no ring)

@: confused, mighty, very slightly contaminated, invisible, not resistant to
hostile enchantments, extremely unstealthy
A: permanent stasis, dig shafts and tunnels, four strong arms, antennae 3
a: Dig, Shaft Self


You were on level 9 of the Dungeon.
You were very hungry.

You visited 1 branch of the dungeon, and saw 7 of its levels.

You collected 217 gold pieces.

Inventory:

Hand weapons
 a - a +0 trident (weapon)
Armour
 b - a +0 scale mail (worn)
 c - a +0 shield (worn)
 j - a cursed +0 pair of boots (worn)
 q - a +0 pair of gloves (worn)
 C - a +0 plate armour
Magical devices
 f - a wand of enslavement (8)
 s - a wand of polymorph (14)
 x - a wand of fireball (5)
Scrolls
 m - 2 scrolls of blinking {unknown}
 o - 4 scrolls of identify {unknown}
 p - a scroll of immolation {unknown}
 r - a scroll of fog {unknown}
 u - a scroll of teleportation {unknown}
 v - a scroll of enchant armour {unknown}
 y - a scroll of remove curse {unknown}
Potions
 l - a potion of degeneration
 n - a potion of cure mutation {unknown}
 t - a potion of agility {unknown}
 z - a potion of mutation {unknown}
 A - a potion of magic {unknown}
 B - a potion of restore abilities {unknown}
Books
 w - a book of the Tempests

   Spells                             Type                      Level
   a - Static Discharge               Conjuration/Air              3
   b - Lightning Bolt                 Conjuration/Air              5
   c - Fireball                       Conjuration/Fire             5
   d - Tornado                        Air                          9
   e - Shatter                        Earth                        9
Comestibles
 d - 3 bread rations
 i - a slice of pizza
 k - 3 meat rations


   Skills:
 + Level 4.9 Fighting
 * Level 4.6 Polearms
 + Level 4.7 Armour
 + Level 2.3 Dodging
 * Level 6.0 Shields


You had 6 spell levels left.
You didn't know any spells.

Dungeon Overview and Level Annotations

Branches:
Dungeon (9/15)
 Temple: D:4-7         Lair: D:8-11         Orc: D:9-12

Altars:
Dithmenos
Elyvilon
Gozag
Nemelex Xobeh
Ru
Sif Muna
Vehumet
Xom
Yredelemnul
Zin

Annotations:
D:4 Sassmo's ghost, average DsGl
D:6 Eustachio


Innate Abilities, Weirdness & Mutations

You are under a permanent stasis effect.
You can dig through walls and to a lower floor.
Your four strong arms can wield two-handed weapons with a shield.
You have a pair of large antennae on your head (SInv).


Message History

The orc warrior hits you with a mace!
You barely miss the orc warrior. The orc warrior hits you with a mace!
* * * LOW HITPOINT WARNING * * *
You hit the orc warrior!
The orc warrior is moderately wounded.
The orc warrior hits you with a mace.
* * * LOW HITPOINT WARNING * * *
Drink which item? (? for menu, Esc to quit)
It was a potion of degeneration.
There was something very wrong with that liquid.
You feel weakened.
Drink which item? (? for menu, Esc to quit)
You fade into invisibility!
The orc warrior hits you with a mace!
* * * LOW HITPOINT WARNING * * *
You are very lightly contaminated with residual magic.
Drink which item? (? for menu, Esc to quit)
You are confused.
You feel invigorated. The orc warrior hits you with a mace!
You die...

#................##...
##..................o#
#.#.................##
#####........##.......
##...#.......%.#
######.##..#.{.{.#.#
#.#.#[####....##o..#
.#.#.## #...{#o##.#
###### ###.###@# # #.#
### ###


You could see an orc warrior.

Vanquished Creatures
  Grinder (D:3)
  A scorpion (D:6)
  A goliath beetle (D:6)
  A quasit (D:6)
  An orc priest (D:3)
  A centaur skeleton (D:7)
  An iguana (D:7)
  3 orc wizards (D:3)
  8 adders
  2 worms (D:2)
  6 giant geckos
  2 oozes
  16 orcs
  8 bats
  4 giant cockroaches
  8 hobgoblins
  6 giant newts
  7 goblins
  5 jackals
  A jackal skeleton (D:7)
  7 kobolds
  8 rats
98 creatures vanquished.

Notes
Turn   | Place    | Note
--------------------------------------------------------------
     0 | D:1      | Ladykiller69, the Formicid Fighter, began the quest for the Orb.
     0 | D:1      | Reached XP level 1. HP: 18/18 MP: 1/1
   281 | D:1      | Reached XP level 2. HP: 24/24 MP: 3/3
   517 | D:1      | Reached XP level 3. HP: 26/30 MP: 4/4
   812 | D:2      | Found a basalt altar of Yredelemnul.
   829 | D:2      | Reached skill level 1 in Dodging
   863 | D:2      | Reached skill level 4 in Shields
   863 | D:2      | Reached XP level 4. HP: 35/37 MP: 5/5
  1158 | D:2      | Reached XP level 5. HP: 42/42 MP: 7/7
  1283 | D:2      | Found a sparkling altar of Nemelex Xobeh.
  1294 | D:2      | Found a radiant altar of Vehumet.
  1438 | D:3      | Reached XP level 6. HP: 29/48 MP: 8/8
  1469 | D:3      | Reached skill level 5 in Shields
  1737 | D:3      | Found an opulent altar of Gozag.
  1825 | D:3      | Noticed Grinder
  1845 | D:3      | Killed Grinder
  1845 | D:3      | Reached XP level 7. HP: 32/55 MP: 9/9
  1919 | D:4      | Found a shimmering altar of Xom.
  1920 | D:4      | Noticed an angel
  1921 | D:4      | Found a glowing silver altar of Zin.
  1991 | D:4      | Noticed Sassmo's ghost (average DsGl)
  1991 | D:4      | You fall through a shaft for 2 floors!
  2198 | D:6      | Reached skill level 6 in Shields
  2227 | D:6      | Noticed Eustachio
  2245 | D:6      | Found a staircase to the Ecumenical Temple.
  2545 | D:7      | You fall through a shaft for 2 floors!
  2546 | D:9      | Found a sacrificial altar of Ru.
  2600 | D:9      | Found a deep blue altar of Sif Muna.
  2607 | D:9      | Found a shadowy altar of Dithmenos.
  2620 | D:9      | Found a white marble altar of Elyvilon.
  2701 | D:9      | Slain by an orc warrior

Action                   |  1- 3 |  4- 6 |  7- 9 || total
-------------------------+-------+-------+-------++-------
Melee: Trident           |   123 |   180 |   114 ||   417
 Abil: Dig               |     7 |     3 |     9 ||    19
       Shaft Self        |       |       |     2 ||     2
  Use: Potion            |       |     1 |     5 ||     6
  Eat: Chunk             |       |     4 |     5 ||     9
